 Dungeon Crawl Stone Soup version 0.30-a0-883-g5ad918d77d (webtiles) character file.

Game seed: 13585005771978969433

412 bobarctor the Grave Robber (level 6, -5/41 HPs)
             Began as a Demonspawn Necromancer on Mar 17, 2023.
             Was an Initiate of Sif Muna.
             Slain by an orc warrior
             ... wielding a +0 glaive
              (16 damage)
             ... on level 5 of the Dungeon.
             The game lasted 00:21:38 (4312 turns).

bobarctor the Grave Robber (Demonspawn Necromancer) Turns: 4312, Time: 00:21:40

Health: -5/41      AC:  2    Str:  9    XL:     6   Next: 59%
Magic:  4/13       EV: 12    Int: 18    God:    Sif Muna [......]
Gold:   222        SH:  0    Dex: 13    Spells: 3/14 levels left

rFire   . . .      SeeInvis .    p - +1 dagger (speed)
rCold   . . .      Faith    .    (no shield)
rNeg    . . .      Spirit   .    a - +0 robe
rPois   .          Reflect  .    D - +0 hat
rElec   .          Rampage  .    (no cloak)
rCorr   .                        (no gloves)
Will    .....                    (no boots)
Stlth   ++                       u - amulet of regeneration
HPRegen 1.06/turn                h - ring of wizardry
MPRegen 0.13/turn                (no ring)

@: no status effects
A: claws 1, horns 1, weakness stinger 2
a: Renounce Religion


You were on level 5 of the Dungeon.
You worshipped Sif Muna.
Sif Muna was noncommittal.
You visited 2 branches of the dungeon, and saw 6 of its levels.

You collected 222 gold pieces.

Inventory:

Hand Weapons
 p - a +1 dagger of speed (weapon)
Missiles
 z - 4 poisoned darts
Armour
 a - a +0 robe (worn)
 o - an orb of light
 s - the +2 robe "Sineufuf" {Harm +Inv Int-2 Dex+3}
   (You found it on level 3 of the Dungeon)

   Int:       It affects your intelligence (-2).
   Dex:       It affects your dexterity (+3).
   +Inv:      It lets you turn invisible.
   Harm:      It increases damage dealt and taken.
 D - a +0 hat (worn)
Magical Staves
 A - a staff of fire
Jewellery
 h - a ring of wizardry (left claw)
 k - an amulet of reflection
 u - an amulet of regeneration (around neck)
Scrolls
 d - a scroll of brand weapon {unknown}
 e - 2 scrolls of vulnerability {unknown}
 i - 2 scrolls of teleportation {unknown}
 j - 10 scrolls of identify {unknown}
 l - a scroll of enchant weapon {unknown}
 r - 2 scrolls of immolation {unknown}
 t - a scroll of fear {unknown}
 x - a scroll of amnesia {unknown}
 y - a scroll of butterflies {unknown}
 B - a scroll of magic mapping {unknown}
 C - a scroll of poison {unknown}
 E - a scroll of noise {unknown}
Potions
 b - a potion of magic
 c - 2 potions of curing {unknown}
 f - 3 potions of lignification {unknown}
 g - 2 potions of berserk rage {unknown}
 m - a potion of heal wounds {unknown}
 n - 3 potions of brilliance {unknown}
 q - a potion of attraction {unknown}
 v - a potion of flight {unknown}
 w - a potion of might {unknown}


   Skills:
 + Level 0.2 Throwing
 + Level 1.9 Dodging
 + Level 2.1 Stealth
 * Level 4.7 Spellcasting
 + Level 1.6 Summonings
 + Level 5.8 Necromancy
 * Level 1.5 Translocations
 * Level 1.0 Invocations


You had 3 spell levels left.
You knew the following spells:

 Your Spells              Type           Power      Damage    Failure   Level
a - Necrotise             Necr           100%       1d9       1%          1
b - Summon Small Mammal   Summ           40%        N/A       2%          1
c - Vampiric Draining     Necr           25%        2d7       1%          3
d - Apportation           Tloc           18%        N/A       3%          1
e - Agony                 Necr           25%        N/A       14%         5

Your spell library contained the following spells:

 Spells                   Type           Power      Damage    Failure   Level
 Animate Dead             Necr           25%        N/A       5%          4


Dungeon Overview and Level Annotations

Branches:
Dungeon (5/15)             Temple (1/1) D:4

Altars:
Ashenzari
Cheibriados
Dithmenos
Fedhas
Hepliaklqana
Makhleb
Nemelex Xobeh
Okawaru
Qazlal
Sif Muna
Trog
Uskayaw
Vehumet
Wu Jian
Xom
Yredelemnul


Innate Abilities, Weirdness & Mutations

You have sharp fingernails.
You have a pair of small horns on your head.
You have a tail ending in a sharp stinger.


Message History

Aiming: Necrotise (safe; 1% risk of failure)
Press: ? - help, Shift-Dir - straight line, f/p - orc warrior
Aim: an orc warrior, wielding a +0 glaive and wearing a +0 plate armour (lightly wounded, chance to affect: 83%)
The orc warrior writhes in agony.
Casting: Necrotise (safe; 1% risk of failure)
Confirm with . or Enter, or press ? or * to list all spells.
Aiming: Necrotise (safe; 1% risk of failure)
Press: ? - help, Shift-Dir - straight line, f/p - orc warrior
Aim: an orc warrior, wielding a +0 glaive and wearing a +0 plate armour (lightly wounded, chance to affect: 83%)
The orc warrior writhes in agony.
The orc warrior hits you with a +0 glaive!
You barely miss the orc warrior. Your headbutt misses the orc warrior.
The orc warrior is moderately wounded.
The orc warrior closely misses you.
You hit the orc warrior but do no damage.
The orc warrior is moderately wounded.
The orc warrior hits you with a +0 glaive!!
Ouch! That really hurt!
* * * LOW HITPOINT WARNING * * *
Casting: Necrotise (safe; 1% risk of failure)
Confirm with . or Enter, or press ? or * to list all spells.
The orc warrior hits you with a +0 glaive!
* * * LOW HITPOINT WARNING * * *
Casting: Summon Small Mammal (safe; 2% risk of failure)
Confirm with . or Enter, or press ? or * to list all spells.
Aiming: Vampiric Draining (safe; 1% risk of failure)
Press: ? - help, Shift-Dir - straight line, f/p - orc warrior
Aim: an orc warrior, wielding a +0 glaive and wearing a +0 plate armour (moderately wounded, ally target)
You draw life force from the orc warrior!
You feel life coursing into your body. The orc warrior barely misses you.
Your rat completely misses the orc warrior.
Casting: Vampiric Draining (safe; 1% risk of failure)
Confirm with . or Enter, or press ? or * to list all spells.
Aiming: Vampiric Draining (safe; 1% risk of failure)
Press: ? - help, Shift-Dir - straight line, f/p - orc warrior
Aim: an orc warrior, wielding a +0 glaive and wearing a +0 plate armour (severely wounded, ally target)
You draw life force from the orc warrior.
You feel life coursing into your body.
The orc warrior hits you with a +0 glaive!
You die...

.....# # ....###.#
.......### ..........##
.#..#......#
.#..##.#...####
....#..#.#..#.### ##
...##(...#..#...##.##
....##...#.[...o@<..#
.........#.....r....#
.........#......#..##
#......o.##.....##..#
##..............# ....
#............#.......#
.............##.....#.#
.#....................#
####..................#


You could see an orc warrior (ally target) and a friendly rat (summoned).

Vanquished Creatures
  Sigmund (D:3)
  An orc wizard (D:4)
  3 adders
  A worm (D:2)
  A dart slug (D:2)
  An orc (D:4)
  6 endoplasms
  7 giant cockroaches
  5 goblins
  4 hobgoblins
  8 kobolds
  6 quokkas
  4 ball pythons
  8 bats
  3 frilled lizards
  5 rats
64 creatures vanquished.

Vanquished Creatures (collateral kills)
  An ice beast (D:5)
  An iron imp (D:3)
  A rat (D:2)
3 creatures vanquished.

Grand Total: 67 creatures vanquished

Notes
Turn   | Place    | Note
-------+----------+-------------------------------------------
     0 | D:1      | bobarctor the Demonspawn Necromancer began the quest for
                  | the Orb.
     0 | D:1      | Reached XP level 1. HP: 13/13 MP: 3/3
     8 | D:1      | Learned a level 1 spell: Summon Small Mammal
   444 | D:1      | Discovered your monstrous ancestry.
   444 | D:1      | Gained mutation: You have a small tail. [demonic ancestry]
   444 | D:1      | Reached XP level 2. HP: 19/19 MP: 3/5
  1252 | D:2      | Gained mutation: You have a pair of small horns on your
                  | head. [demonic ancestry]
  1252 | D:2      | Reached XP level 3. HP: 24/24 MP: 4/7
  1332 | D:2      | Found a faded altar of an unknown god.
  1349 | D:2      | Learned a level 3 spell: Vampiric Draining
  1351 | D:2      | Learned a level 1 spell: Apportation
  2074 | D:3      | Identified the +2 robe "Sineufuf" {Harm +Inv Int-2 Dex+3}
  2074 | D:3      | Noticed Sigmund
  2353 | D:3      | Reached skill level 5 in Necromancy
  2525 | D:3      | Gained mutation: You have a tail ending in a sharp stinger.
                  | [demonic ancestry]
  2525 | D:3      | Reached XP level 4. HP: 30/30 MP: 6/8
  2706 | D:3      | Found a snail-covered altar of Cheibriados.
  2919 | D:3      | Killed Sigmund
  2920 | D:3      | Reached skill level 1 in Summonings
  2920 | D:3      | Reached skill level 1 in Translocations
  2920 | D:3      | Reached XP level 5. HP: 32/35 MP: 0/11
  2920 | D:3      | Gained mutation: You have sharp fingernails. [demonic
                  | ancestry]
  2920 | D:3      | Reached XP level 6. HP: 37/41 MP: 0/12
  3277 | D:4      | Found a staircase to the Ecumenical Temple.
  3287 | Temple   | Entered the Ecumenical Temple
  3287 | Temple   | Found a transporter.
  3287 | Temple   | Found a transporter.
  3289 | Temple   | Found a transporter.
  3289 | Temple   | Found a transporter.
  3336 | Temple   | Became a worshipper of Sif Muna the Loreminder
  3343 | Temple   | Learned a level 5 spell: Agony
  3558 | D:4      | Found an iron altar of Okawaru.
  3760 | D:4      | Found a broken altar of Ashenzari.
  3832 | D:4      | Found a sparkling altar of Nemelex Xobeh.
  3939 | D:5      | Entered Level 5 of the Dungeon
  3939 | D:5      | Noticed an ice beast
  3959 | D:5      | Killed an ice beast
  4084 | D:5      | Noticed an orc warrior
  4244 | D:4      | Reached skill level 1 in Invocations
  4310 | D:5      | HP: 1/41 [orc warrior/+0 glaive (9)]
  4312 | D:5      | Slain by an orc warrior

Illustrated notes

Levels and vault maps discovered:
D:1:      scummos_arrival_simple_fountains, layout_loops_ring
D:2:      layout_basic, chequers_ecumenical_altar_simple, st_stairs_13,
          fountainhead, serial_park_tiny_pond, chequers_serial_rivers_small_a,
          uniq_crazy_yiuf_cottage
D:3:      layout_basic, slow_altar_2, mainiacjoe_overflow_surrounded_room,
          moated_statue, chequers_serial_rivers_micro_b,
          dreamdust_princess_bridge, uniq_sigmund
D:4:      layout_gridville, nicolae_ashenzari_panopticon,
          mainiacjoe_overflow_chevrons, lemuel_round_altar,
          minmay_temple_entry_wispy
D:5:      layout_cave_pools, pdpol_temple_overflow_zin_treasury_gozag_greed,
          serial_shops, shop_fountains
Temple:   hellmonk_temple_divided_pantheon

Skill      XL: |  1  2  3  4  5  6 |
---------------+-------------------+-----
Spellcasting   | 3 4 |  4.7
Necromancy     | 5 |  5.8
Stealth        | 2 |  2.1
Summonings     | 1 |  1.6
Translocations | 1 |  1.5
Invocations    | 1 |  1.0
Throwing       | |  0.2
Dodging        | |  1.9

Action                     |  1- 3 |  4- 6 || total
---------------------------+-------+-------++-------
  Melee: Unarmed           |     5 |       ||     5
         Club              |     8 |       ||     8
         Dagger            |    18 |    28 ||    46
         Tailslap          |     4 |     3 ||     7
         Headbutt          |     2 |     6 ||     8
  Throw: Dart              |       |     5 ||     5
   Cast: Necrotise         |    64 |    32 ||    96
         Summon Small Mamm |     4 |     8 ||    12
         Vampiric Draining |       |     8 ||     8
         Apportation       |       |     1 ||     1
   Stab: Sleeping          |     2 |     1 ||     3
 Armour: Robe              |     6 |     1 ||     7
  Dodge: Dodged            |    21 |    18 ||    39

Table legend: (Time is in decaauts)
 A = Elapsed time spent in this place.
 B = Non-inter-level travel time spent in this place.
 C = Inter-level travel time spent in this place.
 D = Time resting spent in this place.
 E = Time spent auto-exploring this place.
 F = Levels seen in this place.
 G = Mean time per level.
                   A        B        C        D        E       F      G
               +--------+--------+--------+--------+--------+-----+--------+
         Total |   4303 |   4151 |    152 |    864 |   2554 |   6 |  717.2 |
       Dungeon |   4226 |   4091 |    135 |    864 |   2554 |   5 |  845.2 |
        Temple |     76 |     59 |     17 |      0 |      0 |   1 |   76.0 |
               +--------+--------+--------+--------+--------+-----+--------+

Top non-repeatable levels by time:
     D:3: 1190 daAuts
     D:2: 1090 daAuts
     D:1: 987 daAuts
     D:4: 772 daAuts
     D:5: 185 daAuts
  Temple: 76 daAuts
